 Dungeon Crawl Stone Soup version 0.32-a0-996-gb3226c233f (webtiles) character file.

Game seed: 8042477008968013407

18 Flippered the Covert (level 2, 0/29 HPs)
             Began as a Gnoll Delver on Apr 23, 2024.
             Was an Initiate of Fedhas.
             Slain by a crocodile (12 damage)
             ... in a sewer.
             The game lasted 00:01:15 (246 turns).

Flippered the Covert (Gnoll Delver)                  Turns: 246, Time: 00:01:15

Health: 0/29       AC:  3    Str: 11    XL:     2   Next: 70%
Magic:  2/2        EV: 12    Int:  9    God:    Fedhas [......]
Gold:   0          SH:  0    Dex: 13    Spells: 2/2 levels left

rFire   . . .        a - +0 falchion
rCold   . . .        (no shield)
rNeg    . . .        b - +0 leather armour
rPois   .            (no helmet)
rElec   .            (no cloak)
rCorr   .            (no gloves)
SInv    .            (no boots)
Will    .....        (no amulet)
Stlth   ++++         (no ring)
HPRegen 0.24/turn    (no ring)
MPRegen 0.08/turn

%: no passive effects
@: hasted, very quick
A: fangs 1, strong nose, distributed training
a: Renounce Religion


You were in a sewer.
You worshipped Fedhas.
Fedhas was noncommittal.
You visited 2 branches of the dungeon, and saw 3 of its levels.
You also visited: Sewer.

Inventory:

Hand Weapons
 a - a +0 falchion (weapon)
Armour
 b - a +0 leather armour (worn)
Wands
 g - a wand of digging (3)
 h - a wand of charming (8)
Scrolls
 c - a scroll of fog


   Skills:
 + Level 6.5 Fighting
 + Level 0.5 Short Blades
 + Level 4.5 Long Blades
 + Level 0.5 Axes
 + Level 0.5 Maces & Flails
 + Level 0.5 Polearms
 + Level 0.5 Staves
 + Level 0.5 Ranged Weapons
 + Level 0.5 Throwing
 + Level 0.5 Armour
 + Level 4.5 Dodging
 + Level 9.5 Stealth
 + Level 0.5 Shields
 + Level 0.5 Unarmed Combat
 + Level 0.5 Spellcasting
 + Level 0.3 Conjurations
 + Level 0.3 Hexes
 + Level 0.3 Summonings
 + Level 0.3 Necromancy
 + Level 0.3 Translocations
 + Level 0.3 Fire Magic
 + Level 0.3 Ice Magic
 + Level 0.3 Air Magic
 + Level 0.3 Earth Magic
 + Level 0.3 Alchemy
 + Level 0.6 Invocations
 + Level 0.5 Evocations
 + Level 0.4 Shapeshifting


You had 2 spell levels left.
You didn't know any spells.
Your spell library was empty.

Dungeon Overview and Level Annotations

Branches:
Dungeon (5/15)             Temple (1/1) D:4           Sewer (1/1)

Altars:
Ashenzari
Elyvilon
Fedhas
Gozag
Hepliaklqana
Wu Jian


Innate Abilities, Weirdness & Mutations

You have very sharp teeth.
Your uncanny sense of smell can sniff out nearby items.
Your experience applies equally to all skills.


Message History

Moving in this stuff is going to be slow.
A river rat comes into view.
The river rat squeaks loudly.
You hear a loud squeak.
A rat comes into view.
The rat squeaks loudly.
You hit the river rat.
The river rat is lightly wounded.
The river rat bites you.
You hit the river rat.
You bite the river rat, but do no damage.
The river rat is heavily wounded.
The river rat barely misses you. x2
You hit the river rat.
The river rat is heavily wounded.
A crocodile comes into view.
You hit the river rat.
The river rat is almost dead.
The river rat closely misses you.
You hit the river rat.
You kill the river rat!
Fedhas appreciates your contribution to the ecosystem.
The rat closely misses you.
You barely miss the rat. Your bite misses the rat. The rat barely misses you.
You hit the rat.
The rat is heavily wounded.
A rat comes into view.
The rat bites you.
You feel yourself speed up. The rat misses you.
The rat squeaks loudly.
You hit the rat.
You kill the rat!
Fedhas appreciates your contribution to the ecosystem.
You barely miss the crocodile. The crocodile bites you!
You hit the crocodile. Your bite misses the crocodile.
The crocodile is lightly wounded.
You barely miss the crocodile.
The crocodile is lightly wounded.
The crocodile bites you!
You die...
Fedhas appreciates your contribution to the ecosystem.

##############
....r.l~~~~∩∩#
####@~~~###
##.~## ####


You could see a crocodile and a rat.

Vanquished Creatures
  An adder (D:4)
  A river rat (Sewer)
  A rat (Sewer)
3 creatures vanquished.

Vanquished Creatures (others)
  A ball python (D:4)
1 creature vanquished.

Grand Total: 4 creatures vanquished

Notes
Turn   | Place    | Note
-------+----------+-------------------------------------------
     0 | D:5      | Reached skill level 9 in Stealth
     0 | D:5      | Flippered the Gnoll Delver began the quest for the Orb.
     0 | D:5      | Reached XP level 1. HP: 23/23 MP: 1/1
    93 | D:4      | Found a staircase to the Ecumenical Temple.
   100 | Temple   | Entered the Ecumenical Temple
   127 | Temple   | Became a worshipper of Fedhas Madash
   151 | D:4      | Noticed a scorpion
   153 | D:4      | Reached XP level 2. HP: 10/29 MP: 2/2
   164 | D:4      | Found a glowing drain.
   173 | Sewer    | Entered a sewer
   237 | Sewer    | Noticed a crocodile
   246 | Sewer    | Slain by a crocodile

Illustrated notes

Levels and vault maps discovered:
D:4:      layout_basic, minmay_temple_entry_steel_oval,
          cheibrodos_sewer_entry_sluice, st_stairs_12
D:5:      layout_loops_cross, kennysheep_mini, general_overflow_altar,
          minivault_11
Temple:   nicolae_temple_bog_church
Sewer:    sewer_sea

Skill      XL: | |
---------------+-+-----
Stealth        | |  9.5
Fighting       | |  6.5
Short Blades   | |  0.5
Long Blades    | |  4.5
Axes           | |  0.5
Maces & Flails | |  0.5
Polearms       | |  0.5
Staves         | |  0.5
Ranged Weapons | |  0.5
Throwing       | |  0.5
Armour         | |  0.5
Dodging        | |  4.5
Shields        | |  0.5
Unarmed Combat | |  0.5
Spellcasting   | |  0.5
Conjurations   | |  0.3
Hexes          | |  0.3
Summonings     | |  0.3
Necromancy     | |  0.3
Translocations | |  0.3
Fire Magic     | |  0.3
Ice Magic      | |  0.3
Air Magic      | |  0.3
Earth Magic    | |  0.3
Alchemy        | |  0.3
Invocations    | |  0.6
Evocations     | |  0.5
Shapeshifting  | |  0.4

Action                     || total
---------------------------++-------
  Melee: Falchion          ||    18
         Bite              ||     2
    Use: Scroll            ||     2
         Potion            ||     1
 Armour: Leather armour    ||     9
  Dodge: Dodged            ||    12

Table legend: (Time is in decaauts)
 A = Elapsed time spent in this place.
 B = Non-inter-level travel time spent in this place.
 C = Inter-level travel time spent in this place.
 D = Time resting spent in this place.
 E = Time spent auto-exploring this place.
 F = Levels seen in this place.
 G = Mean time per level.
                   A        B        C        D        E       F      G
               +--------+--------+--------+--------+--------+-----+--------+
         Total |    249 |    249 |      0 |     56 |     63 |   4 |   62.2 |
       Dungeon |    130 |    130 |      0 |      0 |     62 |   2 |   65.0 |
        Temple |     44 |     44 |      0 |      0 |      0 |   1 |   44.0 |
         Sewer |     74 |     74 |      0 |     56 |      1 |   1 |   74.0 |
               +--------+--------+--------+--------+--------+-----+--------+

Top non-repeatable levels by time:
   Sewer: 74 daAuts
     D:5: 74 daAuts
     D:4: 56 daAuts
  Temple: 44 daAuts
